Unix NetHack Version 3.7.0-62 Work-in-progress - last build Aug 7 2022 14:32:34 (f254b98e4f4e6c2f4e816e90bd3419c5233a8e5f,branch:master). Game began 2022-08-08 18:14:36, ended 2022-08-08 20:46:03. Moult, chaotic male elven Ranger ############## #------ ## ---------------- #|...<| # |.......>......| --------- ######-..*.| ####...............| |.......| ########|....| #|..............| |...<...-######## |....+ --------------.- -------- |.......| # |....| # .$$$$$$| |........###### |.(..| ## |.$$.$$$| |.......| ------ ######## #..$$$$$$| --------- ---|-----###P#'fu#|.$$$$$$| |........# .$$$$$$| ........| $$$$$$| |.......| ------- |.......| --------- Moult the Lookout St:18 Dx:11 Co:14 In:13 Wi:14 Ch:6 Chaotic S:1998 Dlvl:8 $:330 HP:0(26) Pw:34(34) AC:4 Xp:5/317 T:4582 Latest messages: It misses the quivering blob. It misses the quivering blob. It misses the kobold. It bites the kobold. The kobold is killed! You destroy the kobold mummy! It hits the quivering blob. It misses the quivering blob. It misses the quivering blob. It bites the quivering blob. The quivering blob touches it. The kitten picks up a mummy wrapping. The kitten drops a mummy wrapping. The pony picks up a mummy wrapping. It misses the quivering blob. It bites the quivering blob. The quivering blob touches it. You hear some noises in the distance. The rock mole eats 85 gold pieces! The pony eats a lichen corpse. You miss the gold golem. The gold golem hits! The gold golem hits! The pony hits the lichen. The lichen is killed! You miss the gold golem. The gold golem hits! The gold golem hits! What do you want to write with? [- a-dBENOU or ?*] - You write in the dust with your fingertip. The gold golem hits! The gold golem hits! Something is written here in the dust. You read: "EBjereth". You see no objects here. What do you want to zap? [BU or ?*] B In what direction? . Gee! All of a sudden, you can't see yourself. What do you want to write with? [- a-dBENOU or ?*] - Do you want to add to the current engraving? n You wipe out the message that was written in the dust here. You write in the dust with your fingertip. The gold golem turns to flee. The gold golem hits! You die... Do you want your possessions identified? y Do you want to see your attributes? y Do you want an account of creatures vanquished? y Do you want to see your conduct and achievements? y Do you want to see the dungeon overview? y Major events: Turn 1: Moult the chaotic male elven Ranger entered the dungeon 1337: entered the Gnomish Mines 2382: attained the rank of Lookout (level 3) 4407: entered Sokoban 4582: killed by a gold golem Inventory: Weapons c - 51 +2 elven arrows (in quiver) d - 14 +0 elven arrows b - a +1 elven bow (alternate weapon; not wielded) E - a +0 dagger a - a +1 elven dagger (weapon in hand) O - a blessed +0 orcish dagger N - a +0 orcish dagger Armor x - an uncursed +1 orcish helm (being worn) F - an uncursed +0 pair of iron shoes (being worn) e - an uncursed burnt +2 elven cloak (being worn) Comestibles L - an uncursed clove of garlic Q - 2 uncursed cream pies f - 7 uncursed lembas wafers T - an uncursed rotten tin of elf meat Scrolls V - a blessed scroll of identify Potions S - an uncursed potion of sickness Wands U - a wand of locking (0:5) B - a wand of make invisible (0:5) Tools I - a blessed crystal ball (0:4) g - an uncursed skeleton key named 3640 tele A - an uncursed tin opener Moult the Ranger's attributes: Background: You were a Lookout, a level 5 male elven Ranger. You were chaotic, on a mission for Mars who was opposed by Mercury (lawful) and Venus (neutral). You were in the Dungeons of Doom, on level 8. You entered the dungeon 4582 turns ago. You had 317 experience points, 3 more were needed to attain level 6. Your score was 1998 before end-of-game adjustments. Basics: You had 0 out of 26 hit points. You had all 34 energy points (spell power). Your armor class was 4. Your wallet contained 330 zorkmids. Autopickup was on for '_' plus thrown, with exceptions. Final Characteristics: Your strength was 18 (limit:18). Your dexterity was 11 (limit:18). Your constitution was 14 (limit:16). Your intelligence was 13 (limit:20). Your wisdom was 14 (limit:20). Your charisma was 6 (limit:18). Final Status: You were not hungry. You were unencumbered. You were wielding a dagger. You had basic skill with dagger. Final Attributes: You were piously aligned. You were sleep resistant. You were telepathic. You had automatic searching. You had infravision. You were invisible. You were stealthy. You were warded. You are dead. Miscellaneous: You never encountered a bones level. Total elapsed playing time was 1 hour, 13 minutes and 14 seconds. Vanquished creatures: a dog a water nymph a mountain nymph an orc shaman a rock piercer a yellow light a violet fungus a kobold mummy 6 floating eyes a dwarf 3 hill orcs a rothe 2 giant bats an orc zombie a dwarf zombie 2 iguanas an acid blob 3 coyotes 2 manes a hobgoblin 4 giant rats a brown mold 2 red molds a gnome 3 gnome zombies 3 geckos 4 jackals a fox 2 kobolds 4 sewer rats 9 grid bugs 3 bats 11 lichens 3 kobold zombies 10 newts 93 creatures vanquished. No species were genocided or became extinct. Voluntary challenges: You read items or engraved 11 times. You engraved Elbereth 6 times. You never genocided any monsters. You never polymorphed an object. You never changed form. You used no wishes. You did not violate any of the special Sokoban rules. Achievements: You entered the Gnomish Mines. You attained the rank of Lookout. You entered Sokoban. The Dungeons of Doom: levels 1 to 9 Level 1: An altar, many fountains. Level 2: A fountain. Level 3: A fountain. Stairs down to The Gnomish Mines. Level 4: A grave. Level 5: An altar, a fountain, a grave. Level 6: Level 7: Many fountains. Oracle of Delphi. Level 8: "stash top" <- You were here. Stairs up to Sokoban, level 7. Final resting place for you, killed by a gold golem. Level 9: The Gnomish Mines: Level 4: Sokoban: Level 7: Unsolved. Game over: ---------- / \ / REST \ / IN \ / PEACE \ / \ | Moult | | 330 Au | | killed by a gold | | golem | | | | | | 2022 | *| * * * | * _________)/\\_//(\/(/\)/\//\/|_)_______ Goodbye Moult the Ranger... You died in The Dungeons of Doom on dungeon level 8 with 1965 points, and 330 pieces of gold, after 4582 moves. You were level 5 with a maximum of 26 hit points when you died.